Description

ESL SC2 Masters Spring is the penultimate event of the 23/24 season of ESL StarCraft II Pro Tour: new up & coming players joining the glorious StarCraft champions are ready to compete for a $100,000 prize pool and four direct slots in the record-breaking StarCraft II Championship at the Esports World Cup with $1,000,000 prize pool. The tournament is played across three days, from May 31st to June 2nd, at DreamHack Dallas.

VOD

https://youtu.be/1SXthxDUODM?si=_uqp4Au-oK9hTpYC

Replay - Maru v Serral: Game 4 - [ESL] Crimson Court

Build Order

Get SALT Encoding   

  12  0:00  Drone  
  13  0:08  Drone  
  14  0:14  Extractor  
  14  0:15  Drone  
  15  0:37  Hatchery  
  15  0:42  Drone, Extractor  
  14  0:48  Overlord  
  15  1:02  Spawning Pool  
  14  1:06  Drone x2  
  16  1:13  Drone x2  
  18  1:28  Drone  
  19  1:39  Drone  
  20  1:49  Queen x2  
  20  1:52  Overlord  
  31  2:26  Queen x2  
  31  2:28  Spore Crawler  
  33  2:33  Overlord  
  35  2:47  Hatchery  
  35  2:50  Extractor  
  42  3:11  Overlord  
  44  3:17  Overlord  
  44  3:22  Roach Warren  
  44  3:24  Extractor  
  51  4:00  Queen  
  51  4:02  Roach x5  
  71  4:26  Lair  
  80  4:43  Roach  
  82  4:47  Extractor x3  
  79  4:56  Roach  
  81  5:01  Roach  
  92  5:15  Evolution Chamber x2  
  92  5:16  Roach x2  
  94  5:25  Glial Reconstitution, Overseer  
  100  5:29  Extractor  
  100  5:35  Hatchery  
  114  5:47  Zerg Missile Weapons Level 1, Zerg Ground Armor Level 1  
  115  5:59  Hatchery  
  121  6:13  Overseer  
  129  6:29  Ravager x3  
  146  6:44  Nydus Network, Extractor  
  162  7:13  Ravager  
  167  7:21  Nydus Canal  
  173  7:26  Ravager x3  
  184  7:43  Overseer  
  186  8:07  Ravager  
  186  8:08  Zergling x16  
Spawning Tool Build Advisor. Get it on Overwolf

Go to:

Details

  • Created by: lkojr89
  • Published on: Jun 21, 2024
  • Modified on: Jun 21, 2024
  • Patch: 5.0.11
  • Difficulty: Hard
Show
View Real Time Build Order
Export as new Build Order

Comments (0)

There are no comments. Be the first!

Create an account to comment!